 Dungeon Crawl Stone Soup version 0.22-a0-351-g29664b4 (webtiles) character file.

77 iamserjio the Insei (level 4, -2/33 HPs)
             Began as a Demonspawn Transmuter on Apr 12, 2018.
             Slain by a gnoll
             ... wielding a +0 halberd
              (4 damage)
             ... on level 2 of the Dungeon.
             The game lasted 00:10:06 (2365 turns).

iamserjio the Insei (Demonspawn Transmuter)         Turns: 2365, Time: 00:10:07

Health: -2/33      AC:  3    Str: 11    XL:     4   Next: 14%
Magic:  6/7        EV: 12    Int: 14    God:
Gold:   78         SH:  0    Dex: 14    Spells: 1/7 levels left

rFire    . . .     SeeInvis .     - Unarmed
rCold    + . .     Gourm    .   (no shield)
rNeg     . . .     Faith    .   (no armour)
rPois    .         Spirit   .   h - +2 helmet
rElec    .         Reflect  .   (no cloak)
rCorr    .         Harm     .   (no gloves)
MR       .....                  (boots currently unavailable)
Stlth    +.........             (no amulet)
HPRegen  0.11/turn              (no ring)
MPRegen  0.10/turn              (no ring)

@: appendage (expiring)
A: claws 1, talons 3, cold resistance 1
a: End Transformation


You were on level 2 of the Dungeon.
You were not hungry.
You had grown temporary talons.
You visited 1 branch of the dungeon, and saw 3 of its levels.

You collected 78 gold pieces.

Inventory:

Hand Weapons
 l - a +0 spear
 p - a +0 trident
 q - a +0 hunting sling
Missiles
 a - 12 arrows
 e - 74 sling bullets
 f - 56 stones (quivered)
 g - 4 poisoned needles
Armour
 b - a +0 robe
 h - a +2 helmet (worn)
 i - a +0 plate armour
 j - a +0 leather armour
Jewellery
 o - an uncursed ring of protection from fire {unknown}
Scrolls
 m - a scroll of fear {unknown}
 n - a scroll of identify {unknown}
Potions
 c - a potion of berserk rage {unknown}
 r - a potion of lignification {unknown}
Comestibles
 d - 3 rations
 k - a chunk of flesh


   Skills:
 + Level 2.0 Fighting
 - Level 2.0 Dodging
 * Level 3.7 Unarmed Combat
 - Level 2.0 Spellcasting
 + Level 2.4 Transmutations


You had one spell level left.
You knew the following spells:

 Your Spells              Type           Power        Failure   Level  Hunger
a - Beastly Appendage     Tmut           #.....       9%          1    ##.....
b - Spider Form           Tmut/Pois      #.........   41%         3    ####...
c - Sticks to Snakes      Tmut           #.......     13%         2    ###....


Dungeon Overview and Level Annotations

Branches:
Dungeon (3/15)

Altars:


Innate Abilities, Weirdness & Mutations

You have sharp fingernails.
Your flesh is cold resistant. (rC+)
You have claws for feet.


Message History

* * * LOW HITPOINT WARNING * * *
The gnoll closely misses you.
You barely miss the gnoll.
The gnoll is lightly wounded.
The gnoll hits you with a spear.
* * * LOW HITPOINT WARNING * * *
The gnoll hits you from afar with a halberd.
* * * LOW HITPOINT WARNING * * *
A gnoll comes into view.
The gnoll shouts!
You scratch the gnoll.
The gnoll is heavily wounded.
The gnoll hits you with a spear.
* * * LOW HITPOINT WARNING * * *
The gnoll closely misses you.
You scratch the gnoll. Your kick misses the gnoll.
The gnoll is severely wounded.
The gnoll closely misses you.
The gnoll hits you from afar with a halberd.
You die...

#.# #####.# #.##....## ##.##
###..... #.##.#.### #...##
#.....# #.........
#..#..###.#.#.########.#.###
#.###............### #.#.#
#. #..###.#.#......# #.#..
##...## #.g...##.#. #.#.##
#### ###g#.##.# #..##
#@#.##.# #.#. #.#.##.# #..
##g..##.# ..## #
##.#.###.#####..# .
#.###..........#.###
##.#.###.####..# .#. ##..#
#.# #.># #.# ##.# #.# #..#
#.# #.# #.# #).###..


You could see 3 gnolls.

Vanquished Creatures
  A worker ant (D:2)
  A gnoll (D:2)
  An adder (D:2)
  A worm (D:2)
  3 dart slugs (D:2)
  A leopard gecko (D:1)
  5 bats
  A giant cockroach (D:2)
  4 hobgoblins
  3 goblins
  2 kobolds
  3 rats
26 creatures vanquished.

Notes
Turn   | Place    | Note
-------+----------+-------------------------------------------
     0 | D:1      | iamserjio the Demonspawn Transmuter began the quest for the Orb.
     0 | D:1      | Reached XP level 1. HP: 15/15 MP: 3/3
   461 | D:1      | Gained mutation: Your flesh is cold resistant. (rC+) [demonic ancestry]
   461 | D:1      | Reached XP level 2. HP: 21/21 MP: 3/5
   477 | D:1      | Reached skill level 3 in Unarmed Combat
  1239 | D:2      | Gained mutation: You have sharp fingernails. [demonic ancestry]
  1239 | D:2      | Reached XP level 3. HP: 13/27 MP: 6/6
  1512 | D:2      | Learned a level 3 spell: Spider Form
  1525 | D:2      | Learned a level 2 spell: Sticks to Snakes
  2037 | D:2      | Reached XP level 4. HP: 5/33 MP: 1/7
  2365 | D:2      | Slain by a gnoll

Vault maps used:
D:1:      dpeg_arrival_shrine
D:2:      kennysheep_generic_room_2
D:3:      grunt_gozag_statues

Skill      XL: |  1  2  3 |
---------------+----------+-----
Transmutations | 2 |  2.4
Dodging        | 2 |  2.0
Unarmed Combat | 3 |  3.7
Fighting       | 2 |  2.0
Spellcasting   | |  2.0

Action                   |  1- 3 |  4- 6 || total
-------------------------+-------+-------++-------
Melee: Unarmed           |   108 |     9 ||   117
       Kick              |     3 |     1 ||     4
       Trident           |    30 |       ||    30
       Punch             |     1 |       ||     1
 Cast: Beastly Appendage |     3 |     2 ||     5
  Use: Potion            |     2 |       ||     2
  Eat: Chunk             |     4 |     1 ||     5
Armor: Robe              |    11 |       ||    11
       Plate armour      |    69 |       ||    69
       Leather armour    |     7 |       ||     7
       Skin              |       |     2 ||     2
Dodge: Dodged            |    40 |     5 ||    45

Table legend:
 A = Spawn XP
 B = Non-spawn XP
 C = Spawn XP percentage of total XP
 D = Spawn monster count
 E = Non-spawn monster count
 F = Spawn count percentage of total count
 G = Total turns spent on level
                    A         B        C        D         E        F      G
               +---------+---------+-------+---------+---------+-------+---------
         Total |       0 |     111 |   0.0 |       0 |      26 |   0.0 |  2365
               +---------+---------+-------+---------+---------+-------+---------
           D:1 |       0 |      19 |   0.0 |       0 |      11 |   0.0 |   827
           D:2 |       0 |      92 |   0.0 |       0 |      15 |   0.0 |  1536
               +---------+---------+-------+---------+---------+-------+---------
